 Dungeon Crawl Stone Soup version 0.31-a0-1300-gb6740aa4e6 (webtiles) character file.

Game seed: 18353588314721025141

486 night the Changeling (level 7, 0/53 HPs)
             Began as a Merfolk Shapeshifter on Dec 18, 2023.
             Was an Initiate of Hepliaklqana.
             Succumbed to a scorpion's poison
             ... on level 4 of the Dungeon.
             The game lasted 00:10:45 (3308 turns).

night the Changeling (Merfolk Shapeshifter)         Turns: 3308, Time: 00:10:45

Health: 0/53       AC: 10    Str: 15    XL:     7   Next: 13%
Magic:  7/7        EV: 14    Int:  9    God:    Hepliaklqana [......]
Gold:   129        SH:  0    Dex: 15    Spells: 6/6 levels left

rFire   + +          .
                       - Unarmed
rCold   . . .        (no shield)
rNeg    . . .        r - +0 leather armour {rF+}
rPois   .            h - +0 helmet
rElec   .            k - +0 cloak
rCorr   .            (no gloves)
SInv    .            i - +0 pair of boots
Will    .....        (no amulet)
Stlth   +            l - ring of protection from fire
HPRegen 0.28/turn    o - +4 ring of protection
MPRegen 0.10/turn

%: no passive effects
@: lethally poisoned (0 -> -7)
A: (nimble swimmer 2), mertail
a: Renounce Religion


You were on level 4 of the Dungeon.
You worshipped Hepliaklqana.
Hepliaklqana was noncommittal.
You visited 1 branch of the dungeon, and saw 4 of its levels.

You collected 129 gold pieces.

Inventory:

Missiles
 g - 34 stones
 m - 8 poisoned darts
Armour
 a - a +0 animal skin
 h - a +0 helmet (worn)
 i - a +0 pair of boots (worn)
 k - a +0 cloak (worn)
 r - a +0 leather armour of fire resistance (worn)
Jewellery
 l - a ring of protection from fire (left hand)
 o - a +4 ring of protection (right hand)
Talismans
 c - a beast talisman
 d - a flux talisman
Scrolls
 e - 2 scrolls of enchant weapon
 f - 3 scrolls of amnesia
 n - a scroll of identify {unknown}
Potions
 b - a potion of lignification
 j - a potion of degeneration {unknown}
 p - a potion of mutation {unknown}
 q - a potion of magic {unknown}


   Skills:
 + Level 3.9 Fighting
 + Level 5.3 Dodging
 + Level 5.1 Unarmed Combat
 + Level 5.9 Shapeshifting


You had 6 spell levels left.
You didn't know any spells.
Your spell library contained the following spells:

 Spells                   Type           Power      Damage    Failure   Level
 Dazzling Flash           Conj/Hex       0%         N/A       83%         3
 Volatile Blastmotes      Fire/Tloc      0%         2d10      83%         3
 Fulminant Prism          Conj/Hex       0%         3d5       99%         4
 Iskenderun's Mystic Bla  Conj/Tloc      0%         2d3       99%         4
 Starburst                Conj/Fire      0%         6d3       100%        6
 Maxwell's Capacitive Co  Air            0%         ∞         100%        8


Dungeon Overview and Level Annotations

Branches:
Dungeon (4/15)
 Temple: D:4-7

Altars:
Cheibriados
Hepliaklqana


Innate Abilities, Weirdness & Mutations

((You are very nimble when in or above water. (Stealth+, EV+, Speed+++)))
Your lower body shifts to a powerful aquatic tail in water.


Message History

The scorpion barely misses you.
You barely miss the scorpion.
The scorpion is moderately wounded.
The scorpion stings you.
* * * LOW HITPOINT WARNING * * *
The scorpion misses you.
You hit the scorpion.
The scorpion is heavily wounded.
The scorpion barely misses you.
You barely miss the scorpion.
The scorpion is heavily wounded.
The scorpion stings you but does no damage.
You hit the scorpion.
The scorpion is heavily wounded.
The scorpion closely misses you.
You hit the scorpion but do no damage.
The scorpion is heavily wounded.
The scorpion stings you.
* * * LOW HITPOINT WARNING * * *
You hit the scorpion but do no damage.
The scorpion is heavily wounded.
The scorpion misses you.
You hit the scorpion but do no damage.
The scorpion is heavily wounded.
The scorpion stings you but does no damage.
You barely miss the scorpion.
The scorpion is heavily wounded.
The scorpion stings you but does no damage.
You hit the scorpion.
The scorpion is severely wounded.
The scorpion stings you but does no damage.
You hit the scorpion but do no damage.
The scorpion is severely wounded.
The scorpion stings you.
* * * LOW HITPOINT WARNING * * *
You are lethally poisoned!
The scorpion poisons you!
You hit the scorpion.
You kill the scorpion!
You die...

.# #.# #. ##.##.##...#... .# #.#
#. #..##.##...#... .########.#
#.###.###..#...#..# .#......#.#
#.....# ##.....#.P# .#......#.#
##..### # . ...#
.#....).#.######.#### ..#...#
.#................†.#####........
.#....<...####.###...........#..
.#......#..@)...............
.#........####..............
....####.#.....##...........
....# #...#.########.......
....####.#...# .......
...........## ......>
....######## ....... ....#
.!..... ##### .......


There were no monsters in sight!

Vanquished Creatures
  Duvessa (D:4)
  An ogre (D:4)
  A scorpion (D:4)
  Dowan (D:4)
  A jelly (D:4)
  Terence (D:2)
  An orc wizard (D:2)
  6 adders
  5 gnolls
  A worm (D:3)
  4 dart slugs
  3 orcs (D:2)
  3 ball pythons
  2 endoplasms
  2 giant cockroaches
  6 goblins
  4 hobgoblins
  8 jackals (D:1)
  5 kobolds
  2 quokkas
  4 bats
  6 frilled lizards
  4 rats
72 creatures vanquished.

Notes
Turn   | Place    | Note
-------+----------+-------------------------------------------
     0 | D:1      | night the Merfolk Shapeshifter began the quest for the Orb.
     0 | D:1      | Reached XP level 1. HP: 15/15 MP: 1/1
    95 | D:1      | Reached XP level 2. HP: 20/21 MP: 2/2
   234 | D:1      | Reached XP level 3. HP: 20/27 MP: 3/3
   445 | D:1      | You fall into a shaft and drop 1 floor!
   771 | D:2      | Reached skill level 2 in Fighting
   841 | D:2      | Reached XP level 4. HP: 33/33 MP: 4/4
  1119 | D:2      | Reached XP level 5. HP: 34/39 MP: 5/5
  1170 | D:2      | Reached skill level 5 in Shapeshifting
  1304 | D:2      | Noticed Terence
  2018 | D:3      | Found a hazy altar of Hepliaklqana.
  2163 | D:3      | Found a snail-covered altar of Cheibriados.
  2245 | D:3      | Became a worshipper of Hepliaklqana the Forgotten
  2569 | D:4      | Noticed Dowan
  2589 | D:4      | Killed Dowan
  2590 | D:4      | Reached XP level 6. HP: 27/47 MP: 6/6
  2600 | D:4      | Noticed Duvessa
  2868 | D:2      | Killed Terence
  3082 | D:4      | Killed Duvessa
  3231 | D:4      | Reached skill level 5 in Dodging
  3281 | D:4      | Reached skill level 5 in Unarmed Combat
  3289 | D:4      | HP: 7/48 [ogre/+0 giant club (15)]
  3293 | D:4      | Reached XP level 7. HP: 9/53 MP: 7/7
  3298 | D:4      | HP: 7/53 [scorpion (3)]
  3307 | D:4      | HP: 1/53 [scorpion (5)]
  3308 | D:4      | Succumbed to a scorpion's poison

Illustrated notes

Levels and vault maps discovered:
D:1:      scummos_arrival_simple_crosswalls, layout_basic
D:2:      layout_loops_corners, uniq_terence
D:3:      layout_rooms, nicolae_hepliaklqana_hippocampus,
          general_overflow_altar, grunt_decor_clamped
D:4:      layout_rooms, st_stairs_13, corexii_shack, uniq_duvessa

Skill      XL: |  1  2  3  4  5  6 |
---------------+-------------------+-----
Dodging        | 3 4 5 |  5.3
Fighting       | 2 3 |  3.9
Unarmed Combat | 4 5 |  5.1
Shapeshifting  | 5 |  5.9

Action                     |  1- 3 |  4- 6 |  7- 9 || total
---------------------------+-------+-------+-------++-------
  Melee: Unarmed           |    64 |   189 |    16 ||   269
         Punch             |     2 |     1 |       ||     3
Ability: Begin Untransform |     2 |     2 |       ||     4
    Use: Scroll            |       |     5 |       ||     5
   Stab: Sleeping          |     2 |     1 |       ||     3
 Armour: Animal skin       |    22 |    64 |       ||    86
         Skin              |       |    16 |       ||    16
         Leather armour    |       |    14 |     7 ||    21
  Dodge: Dodged            |    40 |   132 |     9 ||   181
   Form: Beast             |     2 |     1 |       ||     3
                           |       |     1 |       ||     1
         Flux              |       |     1 |       ||     1

Table legend: (Time is in decaauts)
 A = Elapsed time spent in this place.
 B = Non-inter-level travel time spent in this place.
 C = Inter-level travel time spent in this place.
 D = Time resting spent in this place.
 E = Time spent auto-exploring this place.
 F = Levels seen in this place.
 G = Mean time per level.
                   A        B        C        D        E       F      G
               +--------+--------+--------+--------+--------+-----+--------+
         Total |   3288 |   2957 |    331 |    490 |   1733 |   4 |  822.0 |
       Dungeon |   3288 |   2957 |    331 |    490 |   1733 |   4 |  822.0 |
               +--------+--------+--------+--------+--------+-----+--------+

Top non-repeatable levels by time:
     D:2: 1206 daAuts
     D:3: 924 daAuts
     D:1: 610 daAuts
     D:4: 547 daAuts
